 Dungeon Crawl Stone Soup version 0.30-a0-377-g5cb311bc9f (webtiles) character file.

Game seed: 3304601216765052798

48 Angani the Grasshopper (level 3, 0/29 HPs)
             Began as a Draconian Warper on Nov 30, 2022.
             Succumbed to a hobgoblin's poison
             ... on level 2 of the Dungeon.
             The game lasted 00:01:56 (1336 turns).

Angani the Grasshopper (Draconian Warper)           Turns: 1336, Time: 00:01:57

Health: 0/29       AC:  6    Str: 13    XL:     3   Next: 50%
Magic:  4/6        EV: 12    Int: 15    God:
Gold:   95         SH:  0    Dex: 10    Spells: 2/7 levels left

rFire   . . .      SeeInvis .    a - +0 short sword
rCold   . . .      Faith    .    (no shield)
rNeg    . . .      Spirit   .    (body armour unavailable)
rPois   .          Reflect  .    (helmet restricted)
rElec   .          Harm     .    e - +0 cloak
rCorr   .          Rampage  .    (no gloves)
Will    .....                    (no boots)
Stlth   +.........               (no amulet)
HPRegen 0.24/turn                (no ring)
MPRegen 0.10/turn                (no ring)

@: mighty, lethally poisoned (0 -> -4), attractive
A: AC +5, unfitting armour, cold-blooded
a: no special abilities


You were on level 2 of the Dungeon.
You visited 1 branch of the dungeon, and saw 2 of its levels.

You collected 95 gold pieces.

Inventory:

Hand Weapons
 a - a +0 short sword (weapon)
Missiles
 c - 7 boomerangs of dispersal (quivered)
Armour
 e - a +0 cloak (worn)
Scrolls
 b - a scroll of blinking


   Skills:
 - Level 2.1 Fighting
 + Level 2.8 Short Blades
 - Level 0.8 Throwing
 - Level 2.1 Dodging
 + Level 2.6 Spellcasting
 + Level 3.5 Translocations


You had 2 spell levels left.
You knew the following spells:

 Your Spells              Type           Power      Damage    Failure   Level
a - Blink                 Tloc           24%        N/A       8%          2
b - Lesser Beckoning      Tloc           24%        N/A       14%         3

Your spell library contained the following spells:

 Spells                   Type           Power      Damage    Failure   Level
 Teleport Other           Tloc           12%        N/A       14%         3
 Vhi's Electric Charge    Tloc/Air       14%        N/A       30%         3
 Manifold Assault         Tloc           12%        N/A       43%         4


Dungeon Overview and Level Annotations

Branches:
Dungeon (2/15)

Altars:


Innate Abilities, Weirdness & Mutations

Your plain brown scales are hard. (AC +5)
You cannot fit into any form of body armour.
You are cold-blooded and may be slowed by cold attacks.


Message History

You feel sick.
You hit the hobgoblin.
The hobgoblin is moderately wounded.
You feel sick. The hobgoblin barely misses you.
Unknown command.
Okay, then.
Unknown command.
Unknown command.
It was a potion of might.
You feel very mighty all of a sudden.
You feel sick.
The hobgoblin hits you but does no damage.
You are more poisoned.
Unknown command.
It was a potion of attraction.
You feel attractive to monsters.
You feel very sick. The hobgoblin barely misses you.
Unknown command.
Okay, then.
You aren't carrying any items that you can evoke.
Unknown command.
You closely miss the hobgoblin.
Your tail-slap misses the hobgoblin.
The hobgoblin is moderately wounded.
You feel sick.
The hobgoblin hits you with a +1 hand axe of venom.
* * * LOW HITPOINT WARNING * * *
You puncture the hobgoblin!
You kill the hobgoblin!
* * * LOW HITPOINT WARNING * * *
You feel sick.
You completely miss the ball python.
* * * LOW HITPOINT WARNING * * *
You feel sick. The ball python closely misses you.
The ball python barely misses you.
You puncture the ball python!
You kill the ball python!
* * * LOW HITPOINT WARNING * * *
You feel sick.
You die...

# ##.## #.# #.#
#.# #.# #.# ##+#
#.# #...# #.#
.....# ####.#
......# ##....#
.......####...###
.......'@......#
.......####...##
......# ##..#
.....# ##.# #...#
#.# ##'# #.# #.
#.. # #.


There were no monsters in sight!

Vanquished Creatures
  An adder (D:2)
  3 dart slugs (D:1)
  5 endoplasms
  A giant cockroach (D:1)
  3 goblins (D:1)
  4 hobgoblins
  2 kobolds
  3 quokkas (D:1)
  2 ball pythons
  4 bats (D:1)
  A frilled lizard (D:1)
29 creatures vanquished.

Notes
Turn   | Place    | Note
-------+----------+-------------------------------------------
     0 | D:1      | Angani the Draconian Warper began the quest for the Orb.
     0 | D:1      | Reached XP level 1. HP: 17/17 MP: 3/3
   194 | D:1      | Reached XP level 2. HP: 17/24 MP: 5/5
   594 | D:1      | Reached XP level 3. HP: 14/29 MP: 6/6
  1220 | D:2      | Learned a level 2 spell: Blink
  1224 | D:2      | Learned a level 3 spell: Lesser Beckoning
  1335 | D:2      | HP: 1/29 [poisoned by a hobgoblin]
  1336 | D:2      | Succumbed to a hobgoblin's poison

Illustrated notes

Levels and vault maps discovered:
D:1:      lemuel_arrival_muddy, layout_loops_corners, kennysheep_nondescript
D:2:      layout_loops_corners, ebering_ecumenical_altar_webs

Action                   || total
-------------------------++-------
Melee: Short sword       ||   119
       Tailslap          ||    16
       Punch             ||     1
 Cast: Lesser Beckoning  ||     1
  Use: Potion            ||     2
       Scroll            ||     1
Armor: Skin              ||    40
Dodge: Dodged            ||    71

Table legend: (Time is in decaauts)
 A = Elapsed time spent in this place.
 B = Non-inter-level travel time spent in this place.
 C = Inter-level travel time spent in this place.
 D = Time resting spent in this place.
 E = Time spent auto-exploring this place.
 F = Levels seen in this place.
 G = Mean time per level.
                   A        B        C        D        E       F      G
               +--------+--------+--------+--------+--------+-----+--------+
         Total |   1328 |   1256 |     72 |     42 |    989 |   2 |  664.0 |
       Dungeon |   1328 |   1256 |     72 |     42 |    989 |   2 |  664.0 |
               +--------+--------+--------+--------+--------+-----+--------+

Top non-repeatable levels by time:
     D:1: 1157 daAuts
     D:2: 170 daAuts
